AoeStats
← Der Sprudel

Arena

506838708Analyzed
2v2 RM · 16d ago on Sep 15, 2026· 41m 54s· 4 players
Game mode
Random Map
Map size
Medium (4 player)
Population
200
Speed
Normal
Resources
Standard
Victory
Conquest
Starting age
Dark Age
Ending age
Imperial Age
RankedLock teamsTeams togetherTeam positionsShared explorationLock speedFull tech treeHidden civsTurbo modeCheats
Victory
Defeat
🇮🇶 Celts · Iraq
1362
+15
🇹🇷 Spanish · Türkiye
1314
+17
🇩🇪 Byzantines · Germany
1440
-19
🇩🇪 Franks · Germany
1257
-13
Food, please
10:52 Feudal Age
14:52 Castle Age
12:47 Horse Collar
13:02 Double-Bit Axe
15:10 Loom
18:23 Bow Saw
19:43 Wheelbarrow
19:16 Heavy Plow
24:33 Scale Barding Armor
25:08 Gold Mining
26:58 Gold Shaft Mining
27:11 Hand Cart
28:08 Stone Mining
32:00 Imperial Age
30:10 Stone Shaft Mining
30:15 Forging
30:05 Scale Mail Armor
30:44 Ballistics
30:05 Treadmill Crane
30:21 Murder Holes
31:56 Iron Casting
31:41 Stronghold
32:42 Chain Mail Armor
34:09 Blast Furnace
33:29 Padded Archer Armor
33:19 Fletching
34:35 Chemistry
33:40 Siege Engineers
33:06 Heavy Scorpion
33:57 Bodkin Arrow
34:35 Plate Mail Armor
34:50 Leather Archer Armor
35:05 Furor Celtica
36:01 Conscription
36:41 Ring Archer Armor
35:54 Elite Woad Raider
36:05 Sappers
36:56 Masonry
40:51 Hoardings
1996
2:56 Loom
11:58 Feudal Age
15:44 Castle Age
13:48 Double-Bit Axe
14:07 Horse Collar
14:56 Stone Mining
16:54 Husbandry
21:57 Scale Barding Armor
23:57 Loom
25:35 Town Watch
26:40 Heavy Plow
27:38 Bow Saw
28:42 Wheelbarrow
29:27 Ballistics
32:55 Imperial Age
31:23 Bloodlines
31:35 Chain Barding Armor
32:14 Forging
32:43 Hand Cart
34:09 Iron Casting
33:51 Cavalier
34:02 Elite Conquistador
37:07 Plate Barding Armor
38:09 Blast Furnace
36:51 Paladin
39:27 Blast Furnace
39:33 Chemistry
41:38 Conscription
Der Sprudel
10:38 Feudal Age
15:36 Castle Age
17:12 Double-Bit Axe
17:44 Fletching
20:18 Bow Saw
22:33 Guard Tower
23:01 Gold Mining
24:23 Wheelbarrow
24:30 Ballistics
25:14 Bodkin Arrow
26:45 Hand Cart
31:46 Imperial Age
29:02 Loom
29:03 Town Watch
29:47 Scale Barding Armor
31:19 Chain Barding Armor
31:09 Forging
32:26 Husbandry
33:42 Chemistry
32:50 Siege Engineers
32:57 Cavalier
34:55 Gold Shaft Mining
34:14 Stone Mining
35:38 Plate Barding Armor
36:26 Arrowslits
37:00 Padded Archer Armor
41:20 Leather Archer Armor
LukasPlanet
10:04 Feudal Age
14:06 Castle Age
12:19 Double-Bit Axe
12:21 Horse Collar
13:09 Loom
15:00 Bow Saw
14:51 Heavy Plow
19:39 Wheelbarrow
24:50 Gold Mining
25:28 Hand Cart
27:16 Fletching
28:00 Bodkin Arrow
28:22 Elite Skirmisher
29:09 Padded Archer Armor
34:12 Imperial Age
32:59 Gold Shaft Mining
32:49 Stone Mining
34:26 Thumb Ring
34:41 Leather Archer Armor
36:03 Chemistry
36:16 Crop Rotation
Connection lost

Rejoining the realm…

Still unreachable

The connection could not be restored.

Session expired

The server has moved on; the page needs a fresh start.